 Dungeon Crawl Stone Soup version 0.29-a0-323-g050149af67 (webtiles) character file.

Game seed: 1886576338140169103

5537 zishaf the Fighter (level 10, -7/102 HPs)
             Began as a Naga Venom Mage on Apr 11, 2022.
             Was a Follower of Cheibriados.
             Mangled by a two-headed ogre
             ... wielding a +0 giant club
              (19 damage)
             ... on level 8 of the Dungeon.
             The game lasted 00:17:41 (7632 turns).

zishaf the Fighter (Naga Venom Mage)                Turns: 7632, Time: 00:17:41

Health: -7/102     AC: 18    Str: 18    XL:     10   Next: 71%
Magic:  13/13      EV:  5    Int: 18    God:    Cheibriados [*.....]
Gold:   468        SH:  0    Dex: 24    Spells: 6/13 levels left

rFire   . . .      SeeInvis +   a - +9 quarterstaff of the Glamorous God {pain, *Slow +Blink Str+3 Dex+4}
rCold   . . .      Faith    .   (shield currently unavailable)
rNeg    . . .      Spirit   .   F - +8 chain mail of Xom's Generosity {Contam Rampage rPois Regen+}
rPois   +          Reflect  .   q - +1 helmet
rElec   .          Harm     .   (no cloak)
rCorr   +          Rampage  +   f - +0 pair of gloves
Will    ++...                   (no barding)
Stlth   ..........              o - amulet of regeneration
HPRegen 1.87/turn               n - ring of Fogajiqo {Wiz rCorr Dex+2}
MPRegen 0.13/turn               s - ring of willpower

@: slowed, very slow
A: AC +3, large, see invisible, deformed body, poison resistance, slowness 2,
spit poison 1, naga tail 1
a: Spit Poison, Renounce Religion, Evoke Blink, Bend Time


You were on level 8 of the Dungeon.
You worshipped Cheibriados.
Cheibriados was aware of your devotion.
You visited 2 branches of the dungeon, and saw 9 of its levels.

You collected 468 gold pieces.

Inventory:

Hand Weapons
 a - the +9 quarterstaff of the Glamorous God (weapon) {pain, *Slow +Blink Str+3 Dex+4}
   (You found it on level 2 of the Dungeon)

   In the hands of one skilled in necromantic magic, it inflicts extra damage on
   living creatures.
   Str:       It affects your strength (+3).
   Dex:       It affects your dexterity (+4).
   +Blink:    It lets you blink.
   *Slow:     It may slow you when you take damage.
 b - a +0 hunting sling
 t - a +2 dagger of draining
Armour
 e - a +0 robe
 f - a +0 pair of gloves (worn)
 h - +0 ice dragon scales
 q - a +1 helmet (worn)
 D - +0 steam dragon scales
 F - the +8 chain mail of Xom's Generosity (worn) {Contam Rampage rPois Regen+}
   (You found it on level 8 of the Dungeon)

   rPois:     It protects you from poison.
   Contam:    It causes magical contamination when unequipped.
   Regen:     It increases your rate of health regeneration.
   Rampage:   It bestows one free step when moving towards enemies.
   Cheibriados disapproves of the use of such an item.
 G - +0 pearl dragon scales
Magical Staves
 w - a staff of poison
Jewellery
 n - the ring of Fogajiqo (left hand) {Wiz rCorr Dex+2}
   (You found it on level 7 of the Dungeon)

   [ring of wizardry]

   It improves your spell success rate.
   Dex:       It affects your dexterity (+2).
   rCorr:     It protects you from acid and corrosion.
 o - an amulet of regeneration (around neck)
 p - a +6 ring of strength
 s - a ring of willpower (right hand)
 C - an amulet of guardian spirit
Wands
 y - a wand of iceblast (10)
 z - a wand of digging (5)
 A - a wand of flame (26)
Scrolls
 i - 2 scrolls of teleportation
 j - 3 scrolls of enchant armour
 r - a scroll of vulnerability
 x - 3 scrolls of blinking
 B - a scroll of magic mapping {unknown}
 H - a scroll of fog {unknown}
Potions
 c - 3 potions of mutation
 d - 3 potions of curing
 g - 2 potions of magic
 k - a potion of attraction
 l - 2 potions of flight {unknown}
 m - 3 potions of heal wounds {unknown}
 u - 2 potions of brilliance
 v - 3 potions of haste {unknown}
 E - a potion of berserk rage {unknown}


   Skills:
 + Level 9.9 Fighting
 + Level 9.0 Slings
 + Level 0.1 Armour
 - Level 1.5 Dodging
 - Level 3.0 Stealth
 + Level 2.0 Spellcasting
 - Level 1.0 Transmutations
 - Level 9.0 Poison Magic
 + Level 3.7 Invocations


You had 6 spell levels left.
You knew the following spells:

 Your Spells              Type           Power      Damage    Failure   Level
a - Sting                 Tmut/Pois      76%        1d6       16%         1
b - Olgreb's Toxic Radia  Pois           34%        N/A       26%         4
c - Poisonous Vapours     Pois/Air       36%        N/A       26%         2

Your spell library contained the following spells:

 Spells                   Type           Power      Damage    Failure   Level
 Mephitic Cloud           Conj/Pois/Air  12%        N/A       65%         3
 Slow                     Hex            4%         N/A       71%         1
 Scorch                   Fire           2%         2d5       83%         2
 Confusing Touch          Hex            1%         N/A       96%         3
 Gell's Gravitas          Tloc           1%         N/A       96%         3
 Lesser Beckoning         Tloc           1%         N/A       96%         3
 Teleport Other           Tloc           1%         N/A       96%         3
 Tukima's Dance           Hex            1%         N/A       96%         3
 Vampiric Draining        Necr           1%         2d6       96%         3
 Anguish                  Hex/Necr       0%         N/A       100%        4
 Flame Wave               Conj/Fire      1%         2d4       100%        4
 Summon Cactus Giant      Summ           0%         N/A       100%        6
 Enfeeble                 Hex            0%         N/A       100%        7
 Malign Gateway           Summ/Tloc      0%         N/A       100%        7
 Summon Horrible Things   Summ           0%         N/A       100%        8


Dungeon Overview and Level Annotations

Branches:
Dungeon (8/15)             Temple (1/1) D:7
   Lair: D:8-11

Altars:
Ashenzari
Cheibriados
Dithmenos
Fedhas
Gozag
Hepliaklqana
Kikubaaqudgha
Nemelex Xobeh
Qazlal
Sif Muna
Xom

Shops:
D:8 *

Annotations:
D:4 1 runed translucent door
D:7 2 runed translucent doors


Innate Abilities, Weirdness & Mutations

Your serpentine skin is tough. (AC +3)
You have supernaturally acute eyesight. (SInv)
Armour fits poorly on your strangely shaped body.
Your system is resistant to poisons. (rPois)
You cover ground very slowly.
You can spit poison.
You have a snake-like lower body.


Message History

You have a feeling of ineptitude.
a - the +9 quarterstaff of the Glamorous God (weapon)
{pain, *Slow +Blink Str+3 Dex+4} You hit the two-headed ogre.
The two-headed ogre is moderately wounded.
The two-headed ogre hits you with a +0 giant club!!
You feel yourself slow down.
The two-headed ogre hits you with a +0 giant club!
You are too injured to fight recklessly!
You are too injured to fight recklessly!
You are too injured to fight recklessly!
You are too injured to fight recklessly!
You hit the two-headed ogre.
The two-headed ogre is moderately wounded.
The two-headed ogre hits you with a +0 giant club!!
* * * LOW HITPOINT WARNING * * *
The two-headed ogre hits you but does no damage.
The two-headed ogre hits you with a +0 giant club.
* * * LOW HITPOINT WARNING * * *
The two-headed ogre hits you with a +0 giant club.
* * * LOW HITPOINT WARNING * * *
You barely miss the two-headed ogre.
The two-headed ogre is moderately wounded.
The two-headed ogre hits you with a +0 giant club!
* * * LOW HITPOINT WARNING * * *
The two-headed ogre barely misses you.
Unknown command.
You thump the two-headed ogre!
The two-headed ogre is heavily wounded.
The two-headed ogre hits you with a +0 giant club.
* * * LOW HITPOINT WARNING * * *
The two-headed ogre hits you with a +0 giant club.
* * * LOW HITPOINT WARNING * * *
You closely miss the two-headed ogre.
The two-headed ogre is heavily wounded.
The two-headed ogre barely misses you.
The two-headed ogre hits you but does no damage.
You bludgeon the two-headed ogre!!
The two-headed ogre is severely wounded.
The two-headed ogre hits you with a +0 giant club!!
You die...

.. .... .... .....
..... .... #
..######...
#O......# ##@.#
###..## ##.....#
##...#...#
###..####...#
##......###..#
###........###..#
##...........###.^#
# ###.............#
...


You could see a two-headed ogre.

Vanquished Creatures
  A boulder beetle (D:7)
  A two-headed ogre (D:6)
  The ghost of BeKind the Chiller, a novice BaIE (D:4)
  2 shadows (D:7)
  4 yaks (D:5)
  A steam dragon (D:8)
  Menkaure (D:7)
  A water moccasin (D:7)
  A sky beast (D:5)
  6 ice beasts
  2 centaurs
  2 ogres
  2 phantoms
  A kobold brigand (D:5)
  Blork the orc (D:6)
  3 bullfrogs
  4 scorpions
  4 wights (D:5)
  2 howler monkeys
  3 electric eels (D:6)
  3 jellies (D:8)
  2 hounds (D:5)
  3 orc priests
  2 gnoll shamans (D:7)
  2 iguanas
  4 orc wizards
  Terence (D:3)
  18 adders
  6 gnolls
  A shadow imp (D:7)
  A worm (D:2)
  2 dart slugs
  20 orcs
  5 endoplasms
  6 giant cockroaches
  9 goblins
  A hobgoblin (D:4)
  5 jackals (D:4)
  11 kobolds
  8 ball pythons
  2 bats (D:1)
  5 frilled lizards
  4 rats
164 creatures vanquished.

Vanquished Creatures (others)
  An orc wizard (D:7)
  2 plants (D:6)
3 creatures vanquished.

Grand Total: 167 creatures vanquished

Notes
Turn   | Place    | Note
-------+----------+-------------------------------------------
     0 | D:1      | zishaf the Naga Venom Mage began the quest for the Orb.
     0 | D:1      | Reached XP level 1. HP: 15/15 MP: 3/3
   617 | D:1      | Reached skill level 1 in Fighting
   617 | D:1      | Reached XP level 2. HP: 25/25 MP: 5/5
   889 | D:1      | Found a faded altar of an unknown god.
  1608 | D:2      | Reached skill level 1 in Slings
  1608 | D:2      | Reached XP level 3. HP: 31/31 MP: 6/6
  1702 | D:2      | Identified the +9 quarterstaff of the Glamorous God {pain,
                  | *Slow +Blink Str+3 Dex+4}
  1736 | D:2      | Reached skill level 5 in Poison Magic
  1736 | D:2      | Reached XP level 4. HP: 38/39 MP: 4/7
  2091 | D:3      | Found a broken altar of Ashenzari.
  2344 | D:3      | Noticed Terence
  2359 | D:3      | Killed Terence
  2360 | D:3      | Reached XP level 5. HP: 25/46 MP: 8/8
  2712 | D:3      | Found a sparkling altar of Nemelex Xobeh.
  2713 | D:3      | Found an opulent altar of Gozag.
  3072 | D:4      | Learned a level 4 spell: Olgreb's Toxic Radiance
  3126 | D:4      | Reached XP level 6. HP: 55/56 MP: 9/9
  3450 | D:4      | Found a blossoming altar of Fedhas.
  3470 | D:4      | Found a stormy altar of Qazlal.
  3497 | D:4      | Found a runed translucent door.
  3497 | D:4      | Noticed BeKind's ghost (novice BaIE)
  3757 | D:4      | Found a runed translucent door.
  3784 | D:4      | Killed BeKind's ghost
  3785 | D:4      | Reached XP level 7. HP: 45/66 MP: 10/10
  4072 | D:5      | Entered Level 5 of the Dungeon
  4105 | D:5      | HP: 2/66 [ogre/+0 giant club (13)]
  4186 | D:5      | Noticed a yak
  4189 | D:5      | Noticed a yak
  4205 | D:5      | Learned a level 2 spell: Poisonous Vapours
  4215 | D:5      | Noticed a yak
  4220 | D:5      | Noticed a yak
  4229 | D:5      | Killed a yak
  4230 | D:5      | Reached skill level 5 in Fighting
  4230 | D:5      | Reached XP level 8. HP: 47/74 MP: 4/11
  4240 | D:5      | Killed a yak
  4242 | D:5      | Killed a yak
  4243 | D:5      | Reached skill level 5 in Slings
  4244 | D:5      | Killed a yak
  4591 | D:5      | Reached XP level 9. HP: 78/85 MP: 12/12
  4700 | D:5      | Found an ancient bone altar of Kikubaaqudgha.
  5110 | D:6      | Noticed Blork the orc
  5124 | D:6      | Killed Blork the orc
  5268 | D:6      | Noticed a two-headed ogre
  5281 | D:6      | Killed a two-headed ogre
  5878 | D:7      | Noticed Menkaure
  5883 | D:7      | Killed Menkaure
  5968 | D:7      | Reached XP level 10. HP: 99/99 MP: 13/13
  6006 | D:7      | Found a staircase to the Ecumenical Temple.
  6020 | Temple   | Entered the Ecumenical Temple
  6026 | Temple   | Became a worshipper of Cheibriados the Contemplative
  6125 | D:7      | Reached skill level 1 in Invocations
  6271 | D:7      | Found a large runed translucent door.
  6271 | D:7      | Found a large runed translucent door.
  6289 | D:7      | Found a large runed translucent door.
  6289 | D:7      | Found a large runed translucent door.
  6497 | D:7      | Noticed a boulder beetle
  6513 | D:7      | Killed a boulder beetle
  6513 | D:7      | Reached * piety under Cheibriados
  6809 | D:7      | Identified the ring of Fogajiqo {Wiz rCorr Dex+2}
  6871 | D:8      | Found Usyalaj's Serpentskin Sales.
  6884 | D:8      | Found a shadowy altar of Dithmenos.
  6906 | D:8      | Found a shimmering altar of Xom.
  7416 | D:8      | Identified the +8 chain mail of Xom's Generosity {Contam
                  | Rampage rPois Regen+}
  7619 | D:8      | Noticed a two-headed ogre
  7630 | D:8      | HP: 4/102 [two-headed ogre/+0 giant club (2)]
  7632 | D:8      | Mangled by a two-headed ogre

Illustrated notes

Levels and vault maps discovered:
D:1:      minmay_arrival_floating_metal, layout_loops_corners,
          hellmonk_ecumenical_altar_pennies_from_heaven
D:2:      layout_rooms, hex_large
D:3:      cheibrodos_pilgrimage, layout_basic, grunt_temple_overflow_opulence,
          mainiacjoe_overflow_cross_hatched, uniq_terence
D:4:      layout_basic, grunt_temple_overflow_forces_of_nature,
          ebering_ghost_sewer_f, chequers_serial_rivers_room_a,
          dk_noncrumbling_4, roderic_lattice_a
D:5:      layout_basic, lemuel_round_altar
D:6:      layout_cave_pools, serial_bayou, serial_bayou_pond_e,
          serial_bayou_lake_a, serial_bayou_lagoon_a, serial_bayou_pond_b,
          serial_bayou_shore_b, serial_bayou_lagoon_b, chequers_arboretum,
          chequers_mini_garden, uniq_blork_the_orc
D:7:      layout_loops_ring, minmay_temple_entry_mist,
          minmay_hollow_rounded_squares, uniq_menkaure
D:8:      layout_cave_pods, dk_xom_monty_hall,
          nicolae_dithmenos_through_a_glass_darkly, guppyfry_shop_venom
Temple:   dshaligram_water_room_temple

Skill      XL: |  1  2  3  4  5  6  7  8  9 10 |
---------------+-------------------------------+-----
Fighting       | 1 2 3 4 5 6 9 |  9.9
Slings         | 1 2 3 4 6 8 9 |  9.0
Poison Magic   | 5 7 8 9 |  9.0
Invocations    | 3 |  3.7
Armour         | |  0.1
Dodging        | |  1.5
Stealth        | |  3.0
Spellcasting   | |  2.0
Transmutations | |  1.0

Action                   |  1- 3 |  4- 6 |  7- 9 | 10-12 || total
-------------------------+-------+-------+-------+-------++-------
Melee: Dagger            |    36 |       |       |       ||    36
       Unarmed           |     8 |       |       |       ||     8
       Quarterstaff      |       |   119 |   138 |    99 ||   356
 Fire: Hunting sling     |    48 |    21 |    49 |    35 ||   153
 Cast: Sting             |     7 |     6 |       |       ||    13
       Poisonous Vapours |       |       |     3 |       ||     3
       Olgreb's Toxic Ra |       |       |     4 |     7 ||    11
 Abil: Spit Poison       |       |     2 |     3 |     2 ||     7
  Use: Scroll            |       |    10 |     2 |     2 ||    14
       Potion            |       |       |     3 |       ||     3
 Stab: Sleeping          |     1 |     4 |     2 |     3 ||    10
Armor: Robe              |    14 |    44 |    66 |    34 ||   158
       Chain mail        |       |       |       |    15 ||    15
       Steam dragon scal |       |       |       |     2 ||     2
Dodge: Dodged            |    30 |    49 |    76 |    58 ||   213

Table legend: (Time is in decaauts)
 A = Elapsed time spent in this place.
 B = Non-inter-level travel time spent in this place.
 C = Inter-level travel time spent in this place.
 D = Time resting spent in this place.
 E = Time spent auto-exploring this place.
 F = Levels seen in this place.
 G = Mean time per level.
                   A        B        C        D        E       F      G
               +--------+--------+--------+--------+--------+-----+--------+
         Total |  10502 |  10014 |    488 |    152 |   7976 |   9 | 1166.9 |
       Dungeon |  10479 |   9991 |    488 |    152 |   7976 |   8 | 1309.9 |
        Temple |     22 |     22 |      0 |      0 |      0 |   1 |   22.0 |
               +--------+--------+--------+--------+--------+-----+--------+

Top non-repeatable levels by time:
     D:1: 1991 daAuts
     D:7: 1539 daAuts
     D:4: 1423 daAuts
     D:3: 1397 daAuts
     D:8: 1331 daAuts
     D:5: 1182 daAuts
     D:6: 1069 daAuts
     D:2: 545 daAuts
  Temple: 22 daAuts
